 Dungeon Crawl Stone Soup version 0.30-a0-949-g53dc5368d7 (webtiles) character file.

Game seed: 11778171867789294213

800 DeathPants the Twirler (level 7, -4/37 HPs)
             Began as a Vine Stalker Gladiator on Mar 27, 2023.
             Was an Initiate of Gozag.
             Killed from afar by Maggie (18 damage)
             ... with a bolt of fire
             ... on level 6 of the Dungeon.
             The game lasted 00:14:07 (4384 turns).

DeathPants the Twirler (Vine Stalker Gladiator)     Turns: 4384, Time: 00:14:07

Health: -4/37      AC:  6    Str: 17    XL:     7   Next: 90%
Magic:  0/8        EV: 13    Int: 10    God:    Gozag
Gold:   834        SH:  0    Dex: 15    Spells: 6/6 levels left

rFire   . . .      SeeInvis .    a - +1 quarterstaff (heavy)
rCold   . . .      Faith    .    (shield currently unavailable)
rNeg    + . .      Spirit   +    b - +0 leather armour
rPois   .          Reflect  .    c - +0 helmet
rElec   .          Rampage  .    w - +0 cloak
rCorr   .                        (no gloves)
Will    .....                    s - +0 pair of boots
Stlth   +                        (no amulet)
HPRegen 1.06/turn                i - ring of wizardry
MPRegen 0.11/turn                o - ring of positive energy

@: no status effects
A: fangs 2, regeneration 1, magic shield, antimagic bite, no potion heal 2
a: Renounce Religion, Potion Petition, Call Merchant, Bribe Branch


You were on level 6 of the Dungeon.
You worshipped Gozag.
Gozag was pleased with you.
You visited 2 branches of the dungeon, and saw 7 of its levels.

You collected 929 gold pieces.
You paid 95 gold pieces to Gozag.

Inventory:

Hand Weapons
 a - a +1 heavy quarterstaff (weapon)
Missiles
 d - 3 throwing nets (quivered)
 e - 7 javelins
 n - 3 boomerangs
 r - 5 poisoned darts
Armour
 b - a +0 leather armour (worn)
 c - a +0 helmet (worn)
 s - a +0 pair of boots (worn)
 w - a +0 cloak (worn)
Jewellery
 i - a ring of wizardry (left hand)
 l - the ring "Keobbirat" {Drain rElec rC+ Stlth+}
   (You found it on level 4 of the Dungeon)

   [ring of protection from cold]

   rC:        It protects you from cold.
   rElec:     It insulates you from electricity.
   Drain:     It drains your maximum health when unequipped.
   Stlth:     It makes you more stealthy.
 o - a ring of positive energy (right hand)
Wands
 p - a wand of polymorph (11)
 y - a wand of paralysis (6)
Scrolls
 g - a scroll of summoning
 u - 2 scrolls of fear
Potions
 f - a potion of attraction {unknown}
 h - a potion of flight
 j - a potion of mutation {unknown}
 k - 3 potions of curing
 m - a potion of brilliance {unknown}
 q - a potion of haste
 t - a potion of lignification
 v - 4 potions of heal wounds
 x - a potion of degeneration {unknown}


   Skills:
 + Level 3.8 Fighting
 * Level 5.6 Staves
 - Level 1.7 Throwing
 + Level 2.9 Armour
 + Level 4.0 Dodging


You had 6 spell levels left.
You didn't know any spells.
Your spell library was empty.

Dungeon Overview and Level Annotations

Branches:
Dungeon (6/15)             Temple (1/1) D:5

Altars:
Ashenzari
Cheibriados
Elyvilon
Gozag
Kikubaaqudgha
Makhleb
Nemelex Xobeh
Okawaru
Qazlal
Ru
Sif Muna
Trog
Wu Jian
Xom
Yredelemnul
Zin
The Shining One

Annotations:
D:4 2 runed translucent doors, errorslol's ghost, amateur DrFE
D:6 Maggie


Innate Abilities, Weirdness & Mutations

You have extremely sharp teeth.
Your natural rate of healing is unusually fast.
When hurt, damage is shared between your health and your magic reserves.
Your bite disrupts and absorbs the magic of your enemies.
Potions cannot restore your health.


Message History

The scorpion is almost dead.
The scorpion stings you but does no damage.
The scorpion stings you.
You are poisoned.
The scorpion poisons you!
You sock the scorpion!
You kill the scorpion!
You feel very sick.
Your Dodging skill increases to level 4!
You feel sick.
You now have 813 gold pieces (gained 6).
You feel sick.
You feel sick.
You feel sick.
You feel sick.
You feel sick.
You feel sick.
You are no longer poisoned.
Magic restored.
HP restored.
You now have 821 gold pieces (gained 8).
u - 2 scrolls of fear (gained 1)
k - 3 potions of curing (gained 1)
You now have 826 gold pieces (gained 5).
You see here a +0 flail.
You now have 834 gold pieces (gained 8).
As you open the door, it creaks loudly!
You hear the slow hiss of an avalanche of sand nearby.
There is an open door here.
Maggie the Vainglorious comes into view.
She is wielding a +2 heavy morningstar.
Found a stone.
Maggie shouts!
Maggie hits you with a +2 heavy morningstar!
You completely miss Maggie. Your bite misses Maggie.
Maggie hits you with a +2 heavy morningstar!
You hit Maggie but do no damage. Your bite misses Maggie.
Maggie casts a spell at you. The bolt of fire hits you!!
You die...
Your body crumbles into a pile of gold.

###+##..####.....###...#
........................
........................
........................
.####...##..##.).##..###
##...######.<.##'####
#.........#..........
#.........#..........
#...@.....#.[........
#...@.....#..........
#.........#..........
#.........#..........
#..(......#..........
##....##.####....###.
###### .# #....# . .


You could see Maggie.

Vanquished Creatures
  A steam dragon (D:5)
  Duvessa (D:4)
  A scorpion (D:6)
  Dowan (D:4)
  A hound (D:5)
  2 jellies
  2 iguanas
  3 orc wizards
  6 gnolls
  10 adders
  A shadow imp (D:5)
  6 dart slugs
  8 orcs
  A bat (D:3)
  7 endoplasms
  3 giant cockroaches
  6 goblins
  7 hobgoblins
  6 jackals
  3 quokkas
  4 ball pythons
  5 frilled lizards
  6 kobolds
  3 rats
94 creatures vanquished.

Notes
Turn   | Place    | Note
-------+----------+-------------------------------------------
     0 | D:1      | DeathPants the Vine Stalker Gladiator began the quest for
                  | the Orb.
     0 | D:1      | Reached XP level 1. HP: 11/11 MP: 2/2
    64 | D:1      | Reached XP level 2. HP: 15/15 MP: 1/3
   201 | D:1      | Reached skill level 3 in Staves
   482 | D:2      | Reached XP level 3. HP: 18/18 MP: 4/4
   892 | D:2      | Found a faded altar of an unknown god.
  1288 | D:2      | Reached skill level 1 in Armour
  1325 | D:2      | Gained mutation: Your natural rate of healing is unusually
                  | fast. [Vine Stalker growth]
  1325 | D:2      | Reached XP level 4. HP: 19/23 MP: 3/5
  2146 | D:3      | Identified a scroll of acquirement
  2146 | D:3      | Acquired 577 gold pieces
  2472 | D:3      | Reached XP level 5. HP: 23/27 MP: 4/6
  2861 | D:3      | Reached skill level 4 in Staves
  3074 | D:3      | Found a sacrificial altar of Ru.
  3443 | D:4      | Reached XP level 6. HP: 32/32 MP: 7/7
  3446 | D:4      | Noticed Dowan
  3447 | D:4      | Noticed Duvessa
  3453 | D:4      | Killed Duvessa
  3461 | D:4      | Killed Dowan
  3483 | D:4      | Identified the ring "Keobbirat" {Drain rElec rC+ Stlth+}
  3556 | D:4      | Found a large runed translucent door.
  3556 | D:4      | Found a large runed translucent door.
  3569 | D:4      | Noticed errorslol's ghost (amateur DrFE)
  3581 | D:5      | Entered Level 5 of the Dungeon
  3608 | D:5      | Reached XP level 7. HP: 31/36 MP: 6/8
  3796 | D:4      | Found a stormy altar of Qazlal.
  3796 | D:4      | Found a broken altar of Ashenzari.
  3797 | D:4      | Found a shimmering blue altar of Sif Muna.
  4008 | D:5      | Reached skill level 5 in Staves
  4167 | D:5      | Found a staircase to the Ecumenical Temple.
  4183 | Temple   | Entered the Ecumenical Temple
  4244 | Temple   | Became a worshipper of Gozag Ym Sagoz the Greedy
  4267 | D:6      | Noticed a steam dragon
  4281 | D:5      | Killed a steam dragon
  4379 | D:6      | Noticed Maggie
  4384 | D:6      | Killed from afar by Maggie

Illustrated notes

Levels and vault maps discovered:
D:1:      dpeg_arrival_round_b, layout_basic, minmay_shallow_snake_nest
D:2:      layout_basic, ebering_ecumenical_altar_abandoned
D:3:      layout_loops_corners, marbit_many_paths, portal_sewer_entry_d
D:4:      layout_loops_ring, gammafunk_temple_overflow_claw,
          ebering_ghost_disaster_area, uniq_duvessa
D:5:      layout_loops_ring, minmay_temple_entry_junction
D:6:      layout_gridville, enter_ossuary_2, hangedman_decor_clover_reticule,
          uniq_blork_the_orc, uniq_maggie, uniq_sigmund
Temple:   nicolae_temple_two_arcs

Skill      XL: |  1  2  3  4  5  6  7 |
---------------+----------------------+-----
Fighting       | 2 3 |  3.8
Staves         | 3 4 5 |  5.6
Armour         | 1 2 |  2.9
Dodging        | 3 4 |  4.0
Throwing       | |  1.7

Action                     |  1- 3 |  4- 6 |  7- 9 || total
---------------------------+-------+-------+-------++-------
  Melee: Quarterstaff      |    70 |   125 |    50 ||   245
         Bite              |    19 |    28 |    13 ||    60
    Use: Potion            |     1 |     1 |       ||     2
         Scroll            |       |    14 |       ||    14
   Stab: Sleeping          |     1 |       |       ||     1
         Distracted        |       |     1 |       ||     1
 Armour: Leather armour    |    19 |    41 |    19 ||    79
  Dodge: Dodged            |    44 |    76 |    58 ||   178

Table legend: (Time is in decaauts)
 A = Elapsed time spent in this place.
 B = Non-inter-level travel time spent in this place.
 C = Inter-level travel time spent in this place.
 D = Time resting spent in this place.
 E = Time spent auto-exploring this place.
 F = Levels seen in this place.
 G = Mean time per level.
                   A        B        C        D        E       F      G
               +--------+--------+--------+--------+--------+-----+--------+
         Total |   4462 |   4329 |    133 |    210 |   2970 |   7 |  637.4 |
       Dungeon |   4392 |   4267 |    125 |    210 |   2921 |   6 |  732.0 |
        Temple |     70 |     62 |      8 |      0 |     49 |   1 |   70.0 |
               +--------+--------+--------+--------+--------+-----+--------+

Top non-repeatable levels by time:
     D:2: 1271 daAuts
     D:3: 1000 daAuts
     D:1: 840 daAuts
     D:4: 810 daAuts
     D:5: 389 daAuts
     D:6: 80 daAuts
  Temple: 70 daAuts
